 Dungeon Crawl Stone Soup version 0.25-a0-443-gece2dee8bd (webtiles) character file.

Game seed: 496105452964788174, levelgen mode: deterministic

350 Delarado the Covered (level 6, 0/53 HPs)
             Began as a Gnoll Wanderer on Jan 30, 2020.
             Killed from afar by an orc wizard (9 damage)
             ... with a puff of frost
             ... on level 4 of the Dungeon.
             The game lasted 00:07:46 (3031 turns).

Delarado the Covered (Gnoll Wanderer)               Turns: 3031, Time: 00:07:47

Health: 0/53       AC: 15    Str: 16    XL:     6   Next: 61%
Magic:  18/18      EV:  8    Int: 16    God:
Gold:   128        SH:  0    Dex: 13    Spells: 9/9 levels left

rFire    . . .     SeeInvis .   n - +0 whip
rCold    . . .     Gourm    .   (no shield)
rNeg     . . .     Faith    .   m - +0 chain mail
rPois    .         Spirit   .   (no helmet)
rElec    .         Reflect  .   (no cloak)
rCorr    .         Harm     .   s - +2 pair of gloves
MR       .....                  u - +0 pair of boots
Stlth    ..........             (no amulet)
HPRegen  0.17/turn              k - ring of attention (curse)
MPRegen  0.16/turn              B - ring of magical power

@: lethally poisoned (0 -> -5), hasted, very quick
A: distributed training, fangs 1, strong nose
a: no special abilities


You were on level 4 of the Dungeon.
You were not hungry.

You visited 1 branch of the dungeon, and saw 4 of its levels.

You collected 128 gold pieces.

Inventory:

Hand Weapons
 a - a +1 hand crossbow
 h - a +0 club
 i - a +0 dagger
 n - a +0 whip (weapon)
Missiles
 e - 94 stones (quivered)
Armour
 c - a +2 scale mail
 m - a +0 chain mail (worn)
 s - a +2 pair of gloves (worn)
 u - a +0 pair of boots (worn)
Jewellery
 k - a cursed ring of attention (left hand)
 A - an uncursed ring of ice
 B - a ring of magical power (right hand)
Potions
 b - 2 potions of curing
 g - 2 potions of ambrosia
 l - a potion of haste
 o - 4 potions of heal wounds {unknown}
 r - 2 potions of degeneration {unknown}
 v - 2 potions of cancellation {unknown}
 x - 3 potions of resistance {unknown}
 C - a potion of might {unknown}
Comestibles
 f - 8 rations


   Skills:
 + Level 6.8 Fighting
 + Level 2.0 Short Blades
 + Level 2.0 Long Blades
 + Level 3.2 Axes
 + Level 2.0 Maces & Flails
 + Level 2.0 Polearms
 + Level 2.0 Staves
 + Level 2.0 Slings
 + Level 2.0 Bows
 + Level 3.2 Crossbows
 + Level 2.0 Throwing
 + Level 6.8 Armour
 + Level 2.0 Dodging
 + Level 3.1 Stealth
 + Level 3.2 Shields
 + Level 2.0 Unarmed Combat
 + Level 2.0 Spellcasting
 + Level 1.5 Conjurations
 + Level 1.5 Hexes
 + Level 1.5 Charms
 + Level 1.5 Summonings
 + Level 1.5 Necromancy
 + Level 1.5 Translocations
 + Level 1.5 Transmutations
 + Level 1.5 Fire Magic
 + Level 1.5 Ice Magic
 + Level 1.5 Air Magic
 + Level 1.5 Earth Magic
 + Level 1.5 Poison Magic
 + Level 2.2 Invocations
 + Level 2.0 Evocations


You had 9 spell levels left.
You didn't know any spells.
Your spell library was empty.

Dungeon Overview and Level Annotations

Branches:
Dungeon (4/15)
 Temple: D:4-7

Altars:
Nemelex Xobeh
Sif Muna


Innate Abilities, Weirdness & Mutations

Your experience applies equally to all skills.
You have very sharp teeth.
Your uncanny sense of smell can sniff out nearby items.


Message History

It was a potion of haste.
You feel yourself speed up. The orc barely misses you.
You hear some strange, mumbled words.
A magic dart appears from out of thin air!
The magic dart hits you.
* * * LOW HITPOINT WARNING * * *
The adder bites you.
* * * LOW HITPOINT WARNING * * *
You are more poisoned.
The adder poisons you! The orc barely misses you.
You miss something. Something hits you but does no damage.
The orc barely misses you. The adder barely misses you.
You barely miss something. Your bite misses something.
You feel sick. Something hits you but does no damage.
The orc closely misses you. The adder closely misses you.
You closely miss something. The orc hits you but does no damage.
You hear some strange, mumbled words.
A puff of frost appears from out of thin air!
The puff of frost hits you!
You die...

.##...# . .
.####.# #. .#
#.# .# #.# .#
#.### ## .#
#...## .# #
###..#### .#.#
##....#####...#
####....$@o.(#
###..{So(.....
#..####((>...
#..## ..(...
...# ..>(. ..##
..... ### ####
∆


You could see an adder and 2 orcs.

Vanquished Creatures
  A scorpion (D:4)
  3 orc wizards (D:3)
  An orc priest (D:4)
  A worker ant (D:3)
  3 gnolls (D:3)
  3 adders (D:2)
  A worm (D:3)
  5 dart slugs
  2 leopard geckos
  10 orcs
  2 giant cockroaches
  10 goblins
  8 hobgoblins
  2 jackals (D:1)
  2 quokkas (D:2)
  A ball python (D:1)
  10 bats
  6 frilled lizards
  8 kobolds
  11 rats
90 creatures vanquished.

Notes
Turn   | Place    | Note
-------+----------+-------------------------------------------
     0 | D:1      | Delarado the Gnoll Wanderer began the quest for the Orb.
     0 | D:1      | Delarado set off with the following items: a +0 hand
                  | crossbow, a potion of curing, a +2 scale mail, 26 bolts, a
                  | ration
     0 | D:1      | Reached XP level 1. HP: 23/23 MP: 1/1
   143 | D:1      | Reached XP level 2. HP: 29/29 MP: 2/2
   375 | D:1      | Reached XP level 3. HP: 35/35 MP: 3/3
   716 | D:2      | Reached skill level 1 in Invocations
   793 | D:2      | Reached skill level 1 in Short Blades
   793 | D:2      | Reached skill level 1 in Long Blades
   793 | D:2      | Reached skill level 1 in Maces & Flails
   793 | D:2      | Reached skill level 1 in Polearms
   793 | D:2      | Reached skill level 1 in Staves
   793 | D:2      | Reached skill level 1 in Slings
   793 | D:2      | Reached skill level 1 in Bows
   793 | D:2      | Reached skill level 1 in Throwing
   793 | D:2      | Reached skill level 1 in Dodging
   793 | D:2      | Reached skill level 1 in Unarmed Combat
   793 | D:2      | Reached skill level 1 in Spellcasting
   793 | D:2      | Reached skill level 1 in Evocations
   793 | D:2      | Reached XP level 4. HP: 36/41 MP: 5/5
   801 | D:2      | Found a shimmering blue altar of Sif Muna.
  1414 | D:2      | Found a sparkling altar of Nemelex Xobeh.
  1793 | D:3      | Reached skill level 1 in Conjurations
  1793 | D:3      | Reached skill level 1 in Hexes
  1793 | D:3      | Reached skill level 1 in Charms
  1793 | D:3      | Reached skill level 1 in Summonings
  1793 | D:3      | Reached skill level 1 in Necromancy
  1793 | D:3      | Reached skill level 1 in Translocations
  1793 | D:3      | Reached skill level 1 in Transmutations
  1793 | D:3      | Reached skill level 1 in Fire Magic
  1793 | D:3      | Reached skill level 1 in Ice Magic
  1793 | D:3      | Reached skill level 1 in Air Magic
  1793 | D:3      | Reached skill level 1 in Earth Magic
  1793 | D:3      | Reached skill level 1 in Poison Magic
  1861 | D:3      | Reached XP level 5. HP: 47/47 MP: 6/6
  2259 | D:3      | Reached XP level 6. HP: 40/53 MP: 8/8
  3031 | D:4      | Killed from afar by an orc wizard

Levels and vault maps discovered:
D:1:      minmay_arrival_semitransparent, layout_loops_cross,
          minmay_small_reverse_x
D:2:      layout_basic, lemuel_coloured_pillars_altar, old_standard_altar,
          minmay_hedge_maze
D:3:      layout_loops_ring, minmay_unequal
D:4:      layout_rooms, marbit_many_paths

Skill      XL: |  1  2  3  4  5  6 |
---------------+-------------------+-----
Invocations    | 1 2 |  2.2
Short Blades   | 1 2 |  2.0
Long Blades    | 1 2 |  2.0
Maces & Flails | 1 2 |  2.0
Polearms       | 1 2 |  2.0
Staves         | 1 2 |  2.0
Slings         | 1 2 |  2.0
Bows           | 1 2 |  2.0
Throwing       | 1 2 |  2.0
Dodging        | 1 2 |  2.0
Unarmed Combat | 1 2 |  2.0
Spellcasting   | 1 2 |  2.0
Evocations     | 1 2 |  2.0
Conjurations   | 1 |  1.5
Hexes          | 1 |  1.5
Charms         | 1 |  1.5
Summonings     | 1 |  1.5
Necromancy     | 1 |  1.5
Translocations | 1 |  1.5
Transmutations | 1 |  1.5
Fire Magic     | 1 |  1.5
Ice Magic      | 1 |  1.5
Air Magic      | 1 |  1.5
Earth Magic    | 1 |  1.5
Poison Magic   | 1 |  1.5
Axes           | 3 |  3.2
Crossbows      | 3 |  3.2
Shields        | 3 |  3.2
Stealth        | 3 |  3.1
Fighting       | |  6.8
Armour         | |  6.8

Action                   |  1- 3 |  4- 6 || total
-------------------------+-------+-------++-------
Melee: Whip              |       |    58 ||    58
       Bite              |       |     7 ||     7
       Punch             |       |     1 ||     1
 Fire: Hand crossbow     |    90 |   143 ||   233
Throw: Stone             |       |     9 ||     9
  Use: Scroll            |       |     7 ||     7
       Potion            |       |     1 ||     1
  Eat: Chunk             |       |     3 ||     3
       Ration            |       |     1 ||     1
Armor: Scale mail        |     8 |       ||     8
       Chain mail        |    10 |   127 ||   137
Dodge: Dodged            |    19 |    46 ||    65

Table legend:
 A = Non-vault XP
 B = Vault XP
 C = Vault XP percentage of total XP
 D = Non-vault monster count
 E = Vault monster count
 F = Vault count percentage of total count
                 A         B        C        D         E       F
            +---------+---------+-------+---------+---------+-------
      Total |     488 |      13 |   2.6 |      83 |       7 |   7.8
            +---------+---------+-------+---------+---------+-------
        D:1 |      46 |       9 |  16.4 |      28 |       4 |  12.5
        D:2 |      67 |       0 |   0.0 |      21 |       0 |   0.0
        D:3 |     241 |       4 |   1.6 |      24 |       3 |  11.1
        D:4 |     134 |       0 |   0.0 |      10 |       0 |   0.0
            +---------+---------+-------+---------+---------+-------
